 Dungeon Crawl Stone Soup version 0.24.0-13-gcf9b3192b9 (webtiles) character file.

Game seed: 9782900448522658004, levelgen mode: deterministic

18 Mesmaeker13 the Caller (level 2, 0/17 HPs)
             Began as an Octopode Summoner on Nov 6, 2019.
             Slain by a hobgoblin
             ... wielding a +0 club
              (5 damage)
             ... on level 1 of the Dungeon.
             The game lasted 00:01:14 (1372 turns).

Mesmaeker13 the Caller (Octopode Summoner)          Turns: 1372, Time: 00:01:15

Health: 0/17       AC:  1    Str:  7    XL:     2   Next: 70%
Magic:  4/5        EV: 13    Int: 17    God:
Gold:   0          SH:  0    Dex: 12    Spells: 4/5 levels left

rFire    . . .     SeeInvis .   d - +0 dagger
rCold    . . .     Gourm    .   (no shield)
rNeg     . . .     Faith    .   (helmet restricted)
rPois    .         Spirit   .   (no amulet)
rElec    .         Reflect  .   (no ring)
rCorr    .         Harm     .   (no ring)
MR       .....                  (no ring)
Stlth    +++.......             (no ring)
HPRegen  0.05/turn              (no ring)
MPRegen  0.09/turn              (no ring)
                                (no ring)
                                (no ring)

@: no status effects
A: almost no armour, stealthy swim, amphibious, 8 rings, constrict 8, camouflage
1, gelatinous body 1
a: no special abilities


You were on level 1 of the Dungeon.
You were hungry.

You visited 1 branch of the dungeon, and saw 1 of its levels.

Inventory:

Hand Weapons
 d - a +0 dagger (weapon)
Scrolls
 c - a scroll of random uselessness {unknown}
 e - a scroll of magic mapping {unknown}
Potions
 a - 2 potions of curing {unknown}
Comestibles
 b - a ration


   Skills:
 + Level 2.4 Dodging
 - Level 2.6 Stealth
 + Level 2.3 Spellcasting
 + Level 4.2 Summonings


You had 4 spell levels left.
You knew the following spells:

 Your Spells              Type           Power        Failure   Level  Hunger
a - Summon Small Mammal   Summ           ###.         3%          1    #......

Your spell library contained the following spells:

 Spells                   Type           Power        Failure   Level  Hunger
 Call Imp                 Summ           ###.....     4%          2    ##.....
 Call Canine Familiar     Summ           ###.....     10%         3    ###....
 Summon Guardian Golem    Hex/Summ       #.......     24%         3    ###....
 Summon Ice Beast         Ice/Summ       #.......     61%         4    #####..
 Summon Lightning Spire   Summ/Air       #.......     61%         4    #####..


Dungeon Overview and Level Annotations

Branches:
Dungeon (1/15)

Altars:


Innate Abilities, Weirdness & Mutations

You cannot wear most types of armour.
You are very stealthy in the water. (Stealth+)
You are amphibious.
You can wear up to eight rings at the same time.
You can use your tentacles to constrict eight enemies at once.
Your skin changes colour to match your surroundings (Stealth+).
Your rubbery body absorbs attacks. (AC +1, EV +1)


Message History

Your rat bites the hobgoblin.
The hobgoblin hits your rat with a +0 club.
Your rat dies!
Your rat's corpse disappears in a puff of smoke!
You hit the hobgoblin but do no damage. Your grab misses the hobgoblin.
The hobgoblin is moderately wounded.
The hobgoblin hits you with a +0 club.
You hit the hobgoblin but do no damage. Your grab misses the hobgoblin.
The hobgoblin is moderately wounded.
The hobgoblin hits you with a +0 club.
* * * LOW HITPOINT WARNING * * *
You hit the hobgoblin. Your grab misses the hobgoblin.
The hobgoblin is heavily wounded.
You are feeling hungry.
The hobgoblin barely misses you.
Casting: Summon Small Mammal (safe; 3% risk of failure)
Confirm with . or Enter, or press ? or * to list all spells.
The hobgoblin misses you. The hobgoblin hits you with a +0 club.
You die...

# ##....# #.. ###
##.#รท# ### ..#
#.#.# ### #.#
#)#.# #.. #.#
#.#.# #.#
#.#######.#.#
#.#.......#.#
#g#...#####.#
#@b.....###.#
######...........#
.............#####
##.#####...###
#)..# ##.## #.#
#.# #.#


You could see a hobgoblin and a friendly bat.

Vanquished Creatures
  2 leopard geckos (D:1)
  4 bats (D:1)
  2 giant cockroaches (D:1)
  A ball python (D:1)
  A kobold (D:1)
10 creatures vanquished.

Vanquished Creatures (collateral kills)
  A goblin (D:1)
  2 hobgoblins (D:1)
  2 kobolds (D:1)
  A bat (D:1)
  2 frilled lizards (D:1)
  2 rats (D:1)
10 creatures vanquished.

Grand Total: 20 creatures vanquished

Notes
Turn   | Place    | Note
-------+----------+-------------------------------------------
     0 | D:1      | Mesmaeker13 the Octopode Summoner began the quest for the
                  | Orb.
     0 | D:1      | Reached XP level 1. HP: 11/11 MP: 3/3
   383 | D:1      | Reached XP level 2. HP: 17/17 MP: 3/5
  1372 | D:1      | Slain by a hobgoblin

Levels and vault maps discovered:
D:1:      dpeg_arrival_tiny_d, layout_loops_ring

Action                   || total
-------------------------++-------
Melee: Unarmed           ||    19
       Tentacles         ||     8
       Constrict         ||     9
       Dagger            ||    12
 Cast: Summon Small Mamm ||    16
 Stab: Sleeping          ||     1
  Eat: Chunk             ||     1
Armor: Skin              ||    11
Dodge: Dodged            ||    29
